 Dungeon Crawl Stone Soup version 0.19-a0-687-g35db334 (webtiles) character file.

16 4thArraOfDagon the Grasshopper (level 2, 0/26 HPs)
             Began as a Naga Warper on June 18, 2016.
             Slain by an adder (2 damage)
             ... on level 2 of the Dungeon.
             The game lasted 00:02:01 (263 turns).

4thArraOfDagon the Grasshopper (Naga Warper)         Turns: 263, Time: 00:02:02

Health: 0/26       AC:  3    Str: 13    XL:     2   Next: 58%
Magic:  5/5        EV:  8    Int: 13    God:
Gold:   0          SH:  0    Dex: 10    Spells: 1 memorised, 4 levels left

rFire  . . .     SeeInvis +     k - +0 dagger (venom)
rCold  . . .     Gourm    .     g - +0 ring mail
rNeg   . . .     Faith    .     (no shield)
rPois  +         Spirit   .     (no helmet)
rElec  .         Dismiss  .     (no cloak)
rCorr  .         Reflect  .     (no gloves)
SustAt .         Harm     .     (no barding)
MR     .....                    (no amulet)
Stlth  ..........               (no ring)
                                (no ring)

@: very slow, not resistant to hostile enchantments, extremely unstealthy
A: see invisible, deformed body, poison resistance, slowness 2, slow metabolism
1, spit poison 2, AC +0
a: Spit Poison


You were on level 2 of the Dungeon.
You were not hungry.

You visited 1 branch of the dungeon, and saw 2 of its levels.

Inventory:

Hand Weapons
 a - a +0 hand axe
 b - a +2 dagger of protection
 k - a +0 dagger of venom (weapon)
Missiles
 e - a tomahawk of dispersal (quivered)
Armour
 g - a +0 ring mail (worn)
Scrolls
 d - a scroll of blinking
 h - a scroll of remove curse {unknown}
Potions
 i - a potion of agility {unknown}
Books
 c - a book of Spatial Translocations

   Spells                             Type                      Level
   a - Apportation                    Translocation                1
   b - Blink                          Translocation                2
   c - Shroud of Golubria             Charms/Translocation         2
   d - Portal Projectile              Translocation                3
   e - Teleport Other                 Translocation                3
   f - Passage of Golubria            Translocation                4
Comestibles
 f - a bread ration
 j - a meat ration


   Skills:
 - Level 2.0 Fighting
 * Level 2.5 Axes
 - Level 0.8 Throwing
 + Level 1.0 Armour
 + Level 1.9 Dodging
 - Level 2.0 Spellcasting
 - Level 3.0 Translocations


You had 4 spell levels left.
You knew the following spells:

 Your Spells              Type           Power        Failure   Level  Hunger
a - Apportation           Tloc           #.........   17%         1    ##.....


Dungeon Overview and Level Annotations

Branches:
Dungeon (2/15)

Altars:


Innate Abilities, Weirdness & Mutations

You cannot wear boots.
Your serpentine skin is tough. (AC +0)
You have supernaturally acute eyesight. (SInv)
Armour fits poorly on your strangely shaped body.
Your system is resistant to poisons. (rPois)
You cover ground very slowly.
You have a slow metabolism.
You can spit poison.


Message History

The tomahawk of dispersal misses the adder.
The adder bites you but does no damage.
Unknown command.
Throwing (i - inventory):
e - 3 tomahawks of dispersal (quivered)
Press: ? - help, Shift-Dir - straight line, f/p - adder
Aim: an adder (lightly wounded)
You throw a tomahawk of dispersal.
The tomahawk of dispersal barely misses the adder.
You have got your breath back.
The adder barely misses you. x2
Unknown command.
Throwing (i - inventory):
e - 2 tomahawks of dispersal (quivered)
Press: ? - help, Shift-Dir - straight line, f/p - adder
Aim: an adder (lightly wounded)
You throw a tomahawk of dispersal.
The tomahawk of dispersal misses the adder.
The adder bites you.
* * * LOW HITPOINT WARNING * * *
The adder bites you.
You die...

#.# ###.# ≈ #.... ..#
§.# #.#.# #.#
≈...##.#.# #.#
.....#.# #.#
#..#.#### #.#
#!.†.†..####.#
#......###..S@##.####
###.... #..#......<#
....... #..####.##.#
.#....§ ....# #.##.#
............. #.##..
.#.S.⌠.#......
....... ........##.##
#####.#. .#. #.# .#.#
.# #


You could see an adder.

Vanquished Creatures
  A dart slug (D:1)
  A giant cockroach (D:2)
  3 goblins
  2 hobgoblins (D:1)
  2 quokkas (D:2)
  2 bats (D:1)
  A giant newt (D:2)
  A kobold (D:1)
13 creatures vanquished.

Notes
Turn   | Place    | Note
--------------------------------------------------------------
     0 | D:1      | 4thArraOfDagon the Naga Warper began the quest for the Orb.
     0 | D:1      | Reached XP level 1. HP: 19/19 MP: 3/3
    58 | D:1      | Reached skill level 1 in Armour
   107 | D:1      | Reached XP level 2. HP: 12/26 MP: 5/5
   263 | D:2      | Slain by an adder

Vault maps used:
D:1:      dpeg_arrival_radiant
D:2:      old_standard_altar, lightli_temple_of_fire, lemuel_round_altar,
          elyvilon_altar_5, ecumenical_altar_2

Skill      XL: |  1 |
---------------+----+-----
Armour         | 1 |  1.0
Fighting       | |  2.0
Axes           | |  2.5
Throwing       | |  0.8
Dodging        | |  1.9
Spellcasting   | |  2.0
Translocations | |  3.0

Action                   || total
-------------------------++-------
Melee: Hand axe          ||    17
       Dagger            ||    26
Throw: Tomahawk          ||     4
 Abil: Spit Poison       ||    20
Armor: Ring mail         ||    22
Dodge: Dodged            ||    29
